Map: [ESL] Moondance

Players

Reynor

  • Race: Zerg Zerg
  • Spawn Location: 12:00

Clem - Winner!

  • Race: Terran Terran
  • Spawn Location: 6:00

Event: DreamHack SC2 Masters 2022 Atlanta (Online)

VOD

Have the link to the VOD?

Description

Time

  • Played on: Oct. 16, 2022, 2:14 p.m.
  • Length: 21:21

All games in this series

Show
View Real Time Build Order
Export as new Build Order

Reynor Zerg 

Build Orders: Hatch First 

Get SALT Encoding   

  12  0:00  Drone  
  13  0:12  Overlord  
  13  0:16  Drone  
  14  0:30  Drone x2  
  16  0:48  Hatchery  
  15  0:50  Drone  
  15  0:55  Drone  
  17  0:58  Drone  
  18  1:09  Extractor  
  17  1:13  Spawning Pool  
  17  1:16  Drone  
  17  1:19  Drone  
  18  1:27  Drone  
  19  1:38  Drone  
  20  1:48  Overlord  
  20  2:00  Zergling x4, Queen x2  
  26  2:10  Drone  
  26  2:11  Drone  
  28  2:21  Drone  
  30  2:22  Drone  
  30  2:30  Hatchery  
  30  2:32  Drone  
  30  2:34  Drone  
  30  2:41  Metabolic Boost  
  30  2:42  Drone  
  31  2:47  Overlord  
  31  2:53  Drone x2  
  31  2:56  Queen  
  35  3:05  Drone x2  
  35  3:09  Overlord  
  35  3:10  Drone x2  
  39  3:14  Queen  
  39  3:15  Drone  
  39  3:18  Drone  
  43  3:27  Drone  
  43  3:28  Drone  
  43  3:32  Queen  
  47  3:36  Drone  
  47  3:38  Drone  
  49  3:43  Queen  
  49  3:45  Drone  
  52  3:48  Zergling x2  
  52  3:49  Queen  
  52  3:51  Overlord  
  52  3:53  Zergling x2  
  56  3:58  Zergling x2  
  57  4:03  Overlord  
  57  4:09  Queen  
  59  4:10  Overlord  
  59  4:11  Drone x4  
  64  4:17  Zergling x2  
  64  4:18  Drone  
  64  4:20  Drone  
  64  4:23  Drone x3  
  69  4:25  Drone  
  69  4:28  Lair  
  69  4:29  Drone  
  69  4:30  Extractor  
  70  4:31  Baneling Nest  
  70  4:32  Drone  
  70  4:34  Queen  
  70  4:36  Drone  
  73  4:39  Zergling x2  
  73  4:42  Spore Crawler  
  73  4:43  Spore Crawler, Drone  
  73  4:44  Drone  
  74  4:47  Overlord  
  74  4:50  Spore Crawler, Drone  
  74  4:53  Zergling x6  
  74  4:55  Overlord  
  74  4:58  Drone x2  
  79  5:03  Drone x3  
  79  5:05  Overlord  
  82  5:08  Zergling x2  
  82  5:12  Drone x2  
  82  5:13  Drone  
  86  5:21  Drone x2  
  86  5:23  Drone x3  
  90  5:28  Overseer  
  90  5:30  Overseer, Hatchery  
  90  5:32  Drone x4  
  93  5:36  Overlord  
  93  5:40  Drone x2  
  93  5:42  Spore Crawler, Overlord  
  94  5:47  Zergling x6  
  93  5:53  Drone x2  
  93  5:54  Drone x2  
  93  5:56  Centrifugal Hooks, Extractor  
  94  5:57  Evolution Chamber x2  
  94  5:58  Drone x3  
  94  6:01  Overlord  
  94  6:03  Drone x3  
  98  6:08  Drone  
  98  6:09  Spore Crawler, Drone  
  99  6:12  Drone  
  99  6:15  Extractor x2  
  98  6:18  Drone, Extractor  
  98  6:20  Drone  
  98  6:22  Zergling x2  
  100  6:26  Zergling x6  
  100  6:31  Zergling x4  
  105  6:34  Zerg Ground Armor Level 1, Zerg Melee Weapons Level 1  
  105  6:35  Zergling x14  
  105  6:36  Hatchery  
  111  6:42  Drone  
  111  6:43  Drone  
  111  6:45  Queen, Baneling x5  
  111  6:46  Spore Crawler  
  112  6:50  Drone x2  
  112  6:53  Zergling x2  
  115  6:57  Drone x3  
  115  7:00  Spore Crawler  
  117  7:04  Zergling x12  
  123  7:09  Baneling x5  
  123  7:10  Baneling x3  
  123  7:11  Zergling x8  
  127  7:16  Zergling x4  
  127  7:20  Overlord  
  127  7:22  Zergling x2  
  130  7:23  Baneling  
  130  7:24  Baneling x5, Queen  
  130  7:25  Zergling x4  
  134  7:32  Drone, Overlord  
  134  7:33  Pneumatized Carapace  
  135  7:39  Overlord  
  135  7:41  Drone  
  135  7:42  Drone x3  
  130  7:45  Zergling x8  
  130  7:46  Drone  
  132  7:59  Zergling x14  
  132  8:00  Baneling x4  
  132  8:01  Zergling x6, Baneling x6  
  132  8:02  Hydralisk Den, Drone x2  
  143  8:09  Infestation Pit, Drone  
  143  8:11  Zergling x8, Overseer  
  147  8:12  Zergling x2  
  147  8:13  Queen  
  147  8:15  Overlord x2  
  147  8:16  Overlord x2  
  147  8:23  Zergling x6  
  147  8:26  Baneling x6  
  144  8:27  Zergling x4  
  144  8:32  Zerg Melee Weapons Level 2, Extractor, Zerg Ground Armor Level 2  
  144  8:33  Zergling x4  
  147  8:34  Extractor  
  147  8:36  Baneling x8  
  147  8:37  Zergling x6  
  147  8:39  Zergling x4  
  147  8:40  Zergling x6  
  154  8:44  Zergling x6  
  154  8:45  Zergling x6  
  158  8:48  Muscular Augments  
  158  8:49  Drone  
  158  8:50  Drone x2  
  158  8:51  Drone  
  158  8:54  Drone  
  142  8:59  Drone  
  142  9:00  Hive  
  142  9:01  Drone x2  
  145  9:03  Drone x2  
  145  9:04  Drone x2  
  145  9:07  Drone x2  
  151  9:12  Hydralisk  
  151  9:13  Zergling x4  
  151  9:14  Hydralisk  
  151  9:16  Drone  
  139  9:25  Baneling x6  
  139  9:27  Drone x8  
  139  9:29  Drone  
  148  9:34  Baneling x5  
  148  9:35  Drone x3  
  148  9:36  Drone x2  
  153  9:41  Zergling x8, Hydralisk  
  147  9:48  Zergling x14  
  147  9:50  Drone x2  
  155  9:56  Zergling x12  
  155  9:58  Zergling x2, Hydralisk  
  155  9:59  Zergling x2  
  163  10:00  Zergling x4  
  163  10:01  Zergling x2  
  163  10:04  Overlord  
  166  10:10  Zergling x2  
  166  10:11  Overlord  
  166  10:12  Overlord  
  165  10:14  Baneling  
  165  10:15  Baneling  
  165  10:16  Baneling x20  
  165  10:23  Zergling x18  
  165  10:27  Queen  
  173  10:30  Viper x2  
  173  10:31  Viper  
  175  10:35  Hydralisk  
  175  10:36  Zergling x16  
  175  10:39  Overlord  
  175  10:41  Zergling x2, Hydralisk  
  186  10:44  Drone x2  
  188  10:54  Drone  
  189  11:02  Hatchery  
  189  11:03  Zergling x20  
  186  11:06  Hydralisk  
  186  11:07  Zergling x6  
  186  11:11  Overseer  
  189  11:13  Overlord  
  189  11:14  Overseer, Extractor  
  189  11:15  Zergling x6  
  189  11:16  Zergling x4  
  189  11:17  Zergling x2  
  194  11:20  Zerg Ground Armor Level 3, Overseer, Zerg Melee Weapons Level 3  
  192  11:27  Zergling x10  
  192  11:28  Overlord  
  197  11:35  Zergling x4  
  197  11:39  Baneling x8  
  199  11:46  Zergling x2  
  190  11:55  Zergling x18  
  198  12:14  Zergling x4  
  200  12:22  Baneling x3  
  200  12:23  Baneling x19  
  188  12:31  Zergling x28  
  188  12:36  Viper x2  
  199  12:38  Zergling x2  
  197  12:45  Hydralisk  
  197  12:46  Zergling x4  
  197  12:48  Baneling x16  
  197  12:50  Spore Crawler  
  200  12:51  Drone x3, Spine Crawler  
  200  12:53  Extractor  
  199  13:00  Baneling x13  
  193  13:08  Hydralisk  
  193  13:09  Zergling x44  
  193  13:10  Hatchery  
  197  13:13  Zergling x6  
  197  13:17  Zergling x4  
  197  13:20  Zergling x2  
  197  13:23  Drone x3  
  198  13:30  Zergling x12  
  198  13:33  Hydralisk  
  194  13:36  Zergling x10  
  194  13:38  Baneling x11  
  199  13:42  Zergling x2  
  193  13:57  Hydralisk  
  193  13:58  Zergling x16  
  194  14:04  Zergling x12  
  194  14:06  Zergling x4, Hydralisk x2  
  194  14:07  Zergling x2  
  180  14:10  Hydralisk  
  180  14:11  Zergling x14  
  180  14:15  Zergling x2, Queen  
  185  14:19  Zergling x10  
  185  14:23  Hydralisk, Lurker Den  
  191  14:24  Zergling x8  
  191  14:25  Drone  
  191  14:28  Baneling  
  191  14:29  Baneling x20  
  195  14:31  Zergling x4  
  195  14:33  Zergling x6  
  195  14:34  Zergling x2  
  200  14:43  Burrow  
  200  14:51  Baneling  
  200  14:52  Baneling x14  
  199  14:57  Zergling x6  
  181  15:15  Hydralisk  
  181  15:16  Zergling x32  
  181  15:18  Hydralisk  
  181  15:19  Zergling x16  
  199  15:28  Zergling x2, Hydralisk  
  189  15:29  Zergling x14  
  189  15:32  Zergling x4  
  183  15:36  Hydralisk  
  183  15:37  Zergling x2  
  183  15:38  Hydralisk  
  183  15:39  Zergling x2  
  183  15:41  Hydralisk  
  183  15:42  Zergling x6  
  185  15:46  Queen  
  185  15:51  Zergling x14  
  185  15:53  Zergling x4  
  192  15:57  Hydralisk  
  192  15:59  Seismic Spines  
  192  16:00  Zerg Missile Weapons Level 1  
  192  16:01  Zergling x2  
  192  16:02  Zergling x4  
  192  16:03  Baneling  
  192  16:04  Baneling x29  
  197  16:08  Drone x3  
  197  16:14  Zergling x6  
  179  16:33  Zergling x6, Hydralisk  
  179  16:34  Zergling x26  
  179  16:39  Hydralisk x3  
  177  16:40  Hydralisk x2  
  177  16:45  Zergling x4, Hydralisk  
  177  16:46  Zergling x2  
  183  16:50  Zergling x2  
  183  16:53  Drone x2  
  186  16:57  Zergling x6, Adaptive Talons  
  186  17:00  Baneling  
  186  17:01  Baneling x14  
  187  17:06  Zergling x2  
  187  17:07  Zergling x10  
  193  17:09  Baneling  
  193  17:10  Baneling x11  
  193  17:11  Zergling x2  
  193  17:14  Zergling x4  
  195  17:17  Hydralisk, Hatchery  
  195  17:18  Zergling x4  
  195  17:22  Hydralisk  
  175  17:23  Zergling x6  
  175  17:26  Hydralisk  
  175  17:27  Zergling x6  
  175  17:29  Hydralisk  
  165  17:30  Zergling x6  
  165  17:34  Drone  
  165  17:35  Spore Crawler  
  165  17:36  Zergling x4, Hydralisk  
  158  17:42  Zergling x16  
  144  17:49  Hydralisk x2  
  144  17:50  Zergling x6  
  148  17:52  Drone  
  148  17:53  Zergling x6  
  148  17:56  Hydralisk x5  
  150  18:00  Zergling x8  
  150  18:04  Lurker x3  
  150  18:05  Lurker  
  157  18:06  Zergling x2, Hydralisk x2  
  157  18:07  Zergling x6  
  157  18:08  Baneling x12  
  157  18:12  Drone x4  
  169  18:15  Lurker x5  
  168  18:20  Hydralisk  
  168  18:21  Zergling x6  
  168  18:26  Zergling x2  
  168  18:27  Zergling x4  
  157  18:28  Hydralisk  
  157  18:29  Zergling x4  
  157  18:33  Hydralisk x2  
  157  18:34  Zergling x14  
  159  18:40  Baneling x8  
  156  18:44  Lurker x5  
  161  18:49  Hydralisk x4  
  161  18:50  Zergling x6  
  161  18:55  Queen  
  171  18:59  Hydralisk  
  171  19:00  Zergling x12  
  148  19:11  Hydralisk x2, Drone x5  
  148  19:12  Zergling x4  
  157  19:20  Zergling x4, Hydralisk x2  
  157  19:21  Zergling x4  
  165  19:31  Hydralisk  
  161  19:32  Zergling x20  
  166  19:39  Hydralisk  
  166  19:40  Zergling x8, Hydralisk  
  166  19:41  Zergling x2  
  166  19:43  Hydralisk  
  166  19:44  Zergling x2  
  160  19:46  Zergling x2  
  160  19:49  Hydralisk x2  
  155  19:53  Hydralisk x2  
  155  19:54  Zergling x2  
  155  19:58  Zergling x2  
  155  19:59  Zergling x2  
  157  20:04  Zergling x6, Hydralisk  
  156  20:08  Hydralisk x2  
  156  20:11  Lurker x6  
  165  20:14  Hydralisk x2  
  168  20:23  Hydralisk x3  
  168  20:24  Zergling x4  
  165  20:30  Hydralisk  
  165  20:31  Zergling x4  
  161  20:39  Hydralisk x3  
  161  20:41  Zergling x2  
  160  20:48  Hydralisk x6  
  160  20:49  Zergling x8, Hydralisk  
  158  20:50  Zergling x6  
  153  20:58  Lurker x2  
  153  20:59  Lurker x6  
Show
View Real Time Build Order
Export as new Build Order

Clem Terran - Winner!

Build Orders: Reaper Expand, Hellion Banshee 

Get SALT Encoding   

  12  0:00  SCV  
  13  0:12  SCV  
  14  0:16  Supply Depot  
  14  0:24  SCV  
  15  0:38  SCV, Barracks  
  16  0:43  Refinery  
  16  0:50  SCV  
  17  1:02  SCV  
  18  1:14  SCV  
  19  1:25  Reaper  
  20  1:26  Orbital Command  
  20  1:38  Command Center  
  20  1:46  Supply Depot  
  20  1:52  SCV  
  21  1:57  Marine  
  22  2:04  SCV  
  23  2:09  Factory  
  23  2:16  SCV  
  23  2:19  Barracks Reactor  
  24  2:30  SCV  
  25  2:38  Command Center  
  26  2:44  SCV  
  26  2:51  Orbital Command  
  26  2:56  SCV  
  27  2:58  Starport  
  27  3:04  Refinery  
  27  3:08  SCV  
  27  3:10  Hellion  
  30  3:14  Hellion  
  30  3:17  Barracks Tech Lab  
  30  3:18  SCV  
  33  3:22  SCV  
  34  3:30  SCV  
  34  3:32  Hellion  
  37  3:35  SCV, Hellion  
  40  3:43  Banshee  
  40  3:44  SCV  
  40  3:47  SCV  
  45  3:49  Orbital Command  
  45  3:56  Cloaking Field  
  45  3:58  SCV  
  45  3:59  SCV  
  45  4:00  Hellion  
  51  4:03  Hellion  
  50  4:10  Supply Depot, SCV  
  50  4:11  SCV  
  50  4:12  Barracks Tech Lab  
  50  4:15  SCV  
  53  4:22  SCV  
  53  4:23  SCV, Hellion  
  57  4:24  Hellion  
  57  4:27  Banshee  
  60  4:33  Supply Depot  
  60  4:34  SCV x2  
  60  4:36  Stimpack  
  60  4:37  SCV  
  63  4:41  Barracks  
  63  4:46  SCV x2  
  63  4:49  SCV, Barracks  
  66  4:54  Factory Reactor  
  66  4:56  Supply Depot  
  66  4:58  SCV x2  
  68  5:02  Engineering Bay  
  68  5:03  Engineering Bay, Marine  
  68  5:04  Refinery  
  68  5:05  SCV  
  70  5:10  SCV x2  
  72  5:16  Refinery  
  72  5:17  SCV  
  73  5:21  Marine  
  73  5:23  SCV  
  73  5:25  Barracks, SCV  
  73  5:26  Barracks  
  73  5:28  Supply Depot  
  76  5:29  Starport Reactor  
  76  5:33  SCV  
  76  5:35  SCV  
  78  5:37  Factory Reactor  
  78  5:40  SCV  
  78  5:41  Terran Infantry Armor Level 1, Terran Infantry Weapons Level 1  
  78  5:42  Marine  
  80  5:43  Marine  
  80  5:45  SCV, Marine  
  83  5:53  SCV x2  
  83  5:55  Supply Depot  
  83  5:56  Refinery  
  82  5:57  SCV  
  82  5:59  Marine  
  82  6:00  Marine  
  82  6:02  Marine  
  86  6:05  SCV x2  
  86  6:06  Factory  
  86  6:09  SCV, Armory  
  89  6:13  Barracks Reactor  
  89  6:15  Combat Shield  
  89  6:16  Barracks Reactor  
  89  6:17  Marine  
  89  6:18  Command Center, Marine  
  92  6:20  Marine  
  92  6:21  Marine x2  
  92  6:22  Medivac  
  92  6:25  Supply Depot  
  96  6:29  Widow Mine  
  98  6:32  Medivac  
  98  6:33  Supply Depot  
  98  6:35  Marine  
  101  6:44  Supply Depot  
  101  6:46  Widow Mine, Marine x4  
  107  6:50  Supply Depot  
  107  6:51  Widow Mine  
  109  6:55  Medivac, Marine x5  
  116  7:04  Supply Depot, Marine  
  116  7:05  Medivac, Marine x2  
  116  7:06  Supply Depot  
  116  7:08  Marine  
  122  7:12  Marine x2  
  122  7:13  Marine x3  
  122  7:14  Widow Mine x2  
  122  7:15  Drilling Claws  
  131  7:16  Widow Mine  
  131  7:17  Supply Depot  
  131  7:18  Supply Depot  
  133  7:26  Supply Depot, SCV x3, Medivac, Marine x3  
  133  7:28  Marine  
  142  7:34  Marine  
  142  7:35  Supply Depot, Medivac, Widow Mine x2  
  149  7:37  Widow Mine  
  149  7:38  SCV, Marine x2  
  149  7:42  Marine  
  140  7:48  Marine x4  
  140  7:49  SCV x2, Marine  
  147  7:55  Planetary Fortress  
  147  7:56  Medivac  
  147  7:57  SCV, Widow Mine x2  
  152  8:01  SCV, Terran Infantry Weapons Level 2  
  152  8:04  Widow Mine  
  155  8:06  Marine x2  
  155  8:11  SCV x2  
  159  8:12  Marine  
  159  8:13  Marine  
  159  8:15  Terran Infantry Armor Level 2  
  159  8:18  Widow Mine  
  159  8:19  Widow Mine, Marine  
  166  8:21  Marine  
  167  8:29  SCV x2  
  167  8:30  Barracks, Sensor Tower  
  167  8:32  Barracks  
  167  8:33  SCV x2, Barracks  
  167  8:34  Terran Vehicle And Ship Armor Level 1  
  171  8:35  Widow Mine  
  171  8:39  Widow Mine  
  177  8:41  Widow Mine  
  177  8:47  Command Center, Marine  
  177  8:48  Marauder  
  180  8:53  Marine x2  
  180  8:54  Marine x2  
  184  8:57  Widow Mine, Marine  
  184  9:01  Widow Mine  
  184  9:02  Widow Mine  
  185  9:05  Refinery  
  185  9:07  Supply Depot  
  185  9:09  Marauder  
  187  9:13  Marine x2  
  187  9:15  Medivac  
  178  9:18  Widow Mine  
  178  9:19  Marine x2  
  178  9:22  Widow Mine, Marine  
  178  9:23  Marine x3  
  178  9:24  Widow Mine, Barracks Tech Lab x3  
  177  9:29  Concussive Shells  
  177  9:30  Marauder  
  177  9:31  Command Center, Marine  
  179  9:34  Marine  
  181  9:38  SCV  
  181  9:39  Widow Mine  
  181  9:40  Marine x2  
  181  9:41  Marine x2  
  181  9:44  Widow Mine, Marine  
  181  9:45  Widow Mine  
  190  9:49  Marine x2  
  190  9:52  Marauder  
  194  9:59  Marine x3  
  194  10:00  Marauder x3  
  194  10:01  Widow Mine  
  194  10:05  SCV  
  200  10:12  Sensor Tower  
  199  10:14  Marine  
  200  10:28  Ghost Academy  
  200  10:31  Command Center, Widow Mine, Marauder  
  200  10:32  Command Center  
  199  10:40  Marine  
  199  10:42  Planetary Fortress  
  200  10:46  Refinery x2  
  200  10:48  Orbital Command  
  200  10:49  Command Center, Sensor Tower  
  200  11:02  Ghost x2  
  196  11:04  Medivac  
  196  11:07  Widow Mine  
  194  11:14  Refinery  
  194  11:22  Ghost x2  
  194  11:29  Widow Mine  
  195  11:33  Medivac  
  195  11:34  Medivac  
  199  11:52  Widow Mine, Ghost  
  199  11:53  Widow Mine, Ghost x2  
  195  11:55  Marine x2  
  195  12:00  Fusion Core, Orbital Command, Starport  
  197  12:02  Personal Cloaking  
  197  12:03  Medivac  
  197  12:04  Medivac  
  187  12:10  Ghost  
  187  12:11  Marine x5  
  187  12:12  Marine  
  192  12:18  Planetary Fortress  
  192  12:19  Marine  
  192  12:20  Widow Mine  
  192  12:21  Ghost  
  192  12:22  Marauder  
  199  12:23  Missile Turret  
  199  12:26  Refinery  
  199  12:28  Refinery, Marine  
  194  12:32  Widow Mine  
  194  12:33  Medivac, Ghost  
  200  12:40  Starport Reactor  
  200  12:44  Marine x5  
  198  12:47  Ghost  
  195  12:52  Ghost x2  
  195  12:55  Terran Vehicle And Ship Armor Level 2  
  195  12:58  Terran Infantry Weapons Level 3  
  199  13:10  Widow Mine  
  199  13:11  Marauder  
  182  13:15  Widow Mine  
  182  13:16  Marauder  
  184  13:22  Liberator x2, Marauder x2  
  184  13:23  Liberator  
  197  13:29  Cyclone  
  197  13:31  Widow Mine  
  182  13:36  Widow Mine  
  180  13:41  Marine, Ghost  
  180  13:42  Command Center, Marine x3  
  180  13:44  Command Center  
  180  13:48  Liberator  
  184  13:53  Widow Mine  
  189  13:57  Marauder  
  189  13:58  Widow Mine  
  189  13:59  Orbital Command  
  189  14:01  Cyclone  
  191  14:05  Liberator, Medivac, Marine x2  
  191  14:06  Marine x2  
  191  14:07  Medivac  
  191  14:09  Ghost  
  178  14:14  Widow Mine  
  181  14:19  Widow Mine  
  181  14:23  Command Center  
  181  14:24  Marauder  
  181  14:25  Sensor Tower  
  181  14:29  Advanced Ballistics  
  181  14:30  SCV x2  
  181  14:31  Liberator, SCV  
  186  14:34  Widow Mine  
  186  14:35  Widow Mine, Marine x2  
  186  14:36  SCV x2  
  197  14:41  Widow Mine  
  199  14:48  Missile Turret  
  197  14:56  Widow Mine  
  199  15:11  Widow Mine  
  199  15:12  Liberator  
  199  15:13  Widow Mine, Ghost  
  190  15:15  Liberator, Viking  
  190  15:17  Liberator  
  188  15:22  Cyclone  
  188  15:23  Orbital Command, Ghost  
  188  15:24  Ghost  
  188  15:25  Marine  
  188  15:26  Marine  
  181  15:30  Marine  
  181  15:33  Ghost  
  161  15:36  Widow Mine x2  
  161  15:38  SCV x2  
  161  15:40  SCV  
  161  15:42  Ghost  
  163  15:48  Liberator, Rapid Reignition System  
  163  15:49  Marine  
  164  15:53  Ghost x2  
  164  15:54  Liberator, Marine  
  164  15:55  SCV x2, Widow Mine  
  174  16:00  Widow Mine  
  174  16:01  Widow Mine  
  174  16:02  Marine, Ghost  
  174  16:03  Marine  
  179  16:05  Marine x2  
  179  16:06  Refinery, Missile Turret  
  179  16:07  Marine x3  
  179  16:09  Refinery  
  179  16:11  Marine  
  185  16:15  Liberator x2  
  185  16:16  Widow Mine  
  190  16:19  Marine  
  190  16:22  Widow Mine x2  
  195  16:29  Marauder x2  
  195  16:32  Marauder  
  182  16:33  Marauder, Marine x2  
  182  16:35  Marine x5  
  182  16:38  Widow Mine  
  177  16:45  Widow Mine  
  172  16:47  Widow Mine  
  172  16:50  Marine  
  172  16:51  Marine x2  
  179  16:55  Liberator  
  179  16:57  Marauder x3  
  179  16:58  Liberator, Marauder, Marine  
  179  16:59  Widow Mine  
  191  17:04  Orbital Command  
  191  17:06  Widow Mine  
  193  17:09  Widow Mine, Marine x4  
  199  17:26  Planetary Fortress  
  199  17:27  Widow Mine  
  189  17:30  Liberator  
  179  17:37  Widow Mine, Marine x2  
  179  17:40  Marine  
  179  17:43  Widow Mine, Orbital Command  
  168  17:46  Medivac x2, Ghost x3  
  168  17:47  Marine x4  
  168  17:48  Marine x2  
  168  17:49  Widow Mine  
  174  17:55  Marine x2  
  176  17:58  Widow Mine, Marine  
  176  18:03  SCV  
  176  18:04  Widow Mine, Marine  
  179  18:05  SCV, Ghost  
  179  18:06  SCV x4  
  179  18:10  Refinery, Widow Mine, Marine  
  179  18:11  Missile Turret  
  189  18:13  Refinery  
  189  18:15  Marauder, Ghost  
  189  18:16  Marauder  
  189  18:19  Widow Mine  
  195  18:21  Marine  
  195  18:24  Marine x2  
  195  18:25  Widow Mine  
  190  18:29  Marine  
  190  18:30  Marine x2  
  190  18:31  Widow Mine, Marine  
  190  18:32  Marine  
  190  18:34  Medivac, Ghost  
  174  18:36  Ghost x2  
  174  18:39  Marine  
  174  18:41  Widow Mine, Marine x2  
  185  18:43  Ghost  
  185  18:46  Liberator x2  
  185  18:47  Command Center, Widow Mine, Marine  
  185  18:48  Marine x2  
  200  18:53  Marine  
  196  18:57  Widow Mine  
  196  18:58  Marine x2  
  196  18:59  Marine  
  182  19:03  Widow Mine, Marauder  
  182  19:04  Marine, Ghost  
  182  19:05  Marine x2  
  182  19:06  Marine  
  182  19:07  Marine  
  186  19:12  Ghost  
  186  19:13  Marine  
  186  19:15  Widow Mine  
  186  19:16  Marine x2  
  186  19:19  Liberator  
  186  19:20  Widow Mine  
  186  19:22  Ghost  
  186  19:24  Ghost  
  193  19:29  Sensor Tower, Orbital Command  
  195  19:33  Ghost  
  194  19:41  Marauder  
  180  19:50  Widow Mine, Marine  
  180  19:51  Marine  
  180  19:52  Marauder  
  178  19:53  Medivac, Marauder  
  178  19:54  Widow Mine  
  178  19:57  Medivac  
  181  20:01  Missile Turret, Marine  
  181  20:02  Marauder  
  181  20:03  Marauder  
  181  20:04  Missile Turret  
  181  20:05  Medivac, Widow Mine, Marine x2  
  181  20:06  Marine x2  
  185  20:12  Marine x3, Ghost  
  185  20:14  Ghost  
  190  20:19  Marine  
  193  20:22  Refinery x2  
  193  20:23  Widow Mine, Marine x4, Ghost x2  
  197  20:29  Marine  
  197  20:30  Marine x2  
  197  20:32  Medivac  
  197  20:33  Medivac  
  197  20:34  Widow Mine  
  197  20:35  Liberator  
  197  20:37  Marine  
  197  20:41  Marine x2  
  197  20:42  Marauder  
  199  20:43  Marauder  
  199  20:47  Marine  
  199  20:49  Marine x2  
  187  20:52  Marauder  
  187  20:53  Widow Mine, Marauder  
  190  20:59  Marine x2  
  190  21:00  Marine  
Tags
 
Add a new tag
Caveats
  • Supply blocks, unpowered buildings, or Contaminate may cause inaccurate times.
  • Supply counts are checked every 10 seconds.